 Dungeon Crawl Stone Soup version 0.31.0-32-g396128a36d (webtiles) character file.

Game seed: 5861079101469986669

2315 spaghetti the Mimic (level 9, -2/92 HPs)
             Began as an Oni Berserker on Apr 19, 2024.
             Was a Believer of Trog.
             Slain by a river rat (7 damage)
             ... summoned by Eustachio
             ... on level 6 of the Dungeon.
             The game lasted 00:06:57 (6325 turns).

spaghetti the Mimic (Oni Berserker)                 Turns: 6325, Time: 00:06:58

Health: -2/92      AC:  3    Str: 23    XL:     9   Next: 41%
Magic:  18/18      EV: 11    Int:  8    God:    Trog [**....]
Gold:   230        SH:  0    Dex: 12    Spells: 8/8 levels left

rFire   . .          .
                       - Unarmed
rCold   . . .        (no shield)
rNeg    . . .        a - +0 animal skin
rPois   .            (helmet restricted)
rElec   .            (no cloak)
rCorr   .            (gloves unavailable)
SInv    +            (boots unavailable)
Will    ++...        q - amulet of the acrobat
Stlth   +            k - ring of see invisible
HPRegen 1.35/turn    p - ring of magical power
MPRegen 0.16/turn

%: acrobat, clarity
@: strong-willed, on berserk cooldown, regenerating, slowed, very slow
A: large, unfitting armour, horns 1, tough skin 1, double potion healing,
drunken brawling, claws 1, clarity
a: Renounce Religion, Berserk, Trog's Hand


You were on level 6 of the Dungeon.
You worshipped Trog.
Trog was pleased with you.
You visited 1 branch of the dungeon, and saw 6 of its levels.

You collected 320 gold pieces.
You spent 90 gold pieces at shops.

Inventory:

Missiles
 h - 3 javelins
 i - 23 stones
Armour
 a - a +0 animal skin (worn)
Jewellery
 k - a ring of see invisible (left claw)
 p - a ring of magical power (right claw)
 q - an amulet of the acrobat (around neck)
Talismans
 g - a granite talisman
Wands
 f - a wand of flame (12)
Scrolls
 b - a scroll of enchant weapon
 e - a scroll of vulnerability
 o - 3 scrolls of identify
Potions
 c - a potion of enlightenment
 d - a potion of attraction
 m - 2 potions of brilliance
 n - a potion of mutation


   Skills:
 - Level 6.6 Fighting
 - Level 3.3 Throwing
 - Level 4.4 Dodging
 - Level 4.5 Unarmed Combat
 + Level 8.6 Shapeshifting


You had 8 spell levels left.
You didn't know any spells.
Your spell library contained the following spells:

 Spells                   Type           Power      Damage    Failure   Level
 Scorch                   Fire           0%         2d5       54%         2
 Cause Fear               Hex            0%         N/A       99%         4
 Flame Wave               Conj/Fire      0%         2d4       99%         4
 Fireball                 Conj/Fire      0%         3d3       100%        5
 Summon Cactus Giant      Summ           0%         N/A       100%        6
 Dragon's Call            Summ           0%         N/A       100%        9


Dungeon Overview and Level Annotations

Branches:
Dungeon (6/15)             Temple (0/1) D:4

Altars:
Uskayaw
Vehumet

Shops:
D:3 [   D:6 *

Annotations:
D:6 exclusion: statue, Eustachio


Innate Abilities, Weirdness & Mutations

You are too large for most types of armour.
You have a pair of small horns on your head.
You have tough skin. (AC +1)
You gain doubled healing and magic from potions.
Whenever you drink a healing potion, you attack all around you.
You have sharp fingernails.
You possess an exceptional clarity of mind.


Message History

Eustachio gestures wildly while chanting.
Eustachio blinks!
Eustachio misses you.
You scratch Eustachio. You claw Eustachio, but do no damage.
Eustachio is heavily wounded.
The river rat closely misses you. Eustachio closely misses you.
The river rat bites you!
* * * LOW HITPOINT WARNING * * *
Unknown command.
Unknown command.
You scratch Eustachio.
Eustachio is severely wounded.
Eustachio closely misses you. The river rat misses you.
You scratch Eustachio. Your headbutt misses Eustachio.
Eustachio is severely wounded.
Eustachio hits you with a +0 falchion.
* * * LOW HITPOINT WARNING * * *
The river rat barely misses you. Eustachio hits you with a +0 falchion.
* * * LOW HITPOINT WARNING * * *
Unknown command.
Unknown command.
Throw: 4 javelins
Press: ? - help, Shift-Dir - straight line, f - Eustachio
Aim: Eustachio, wielding a +0 falchion and wearing a +0 leather armour (severely wounded, 48% to hit)
You throw a javelin. The javelin closely misses Eustachio.
The river rat barely misses you. Eustachio misses you. The river rat bites you.
* * * LOW HITPOINT WARNING * * *
Eustachio barely misses you.
Unknown command.
Unknown command.
Unknown command.
You claw Eustachio!
Eustachio is almost dead.
The river rat closely misses you. Eustachio hits you with a +0 falchion!
* * * LOW HITPOINT WARNING * * *
The river rat closely misses you.
You completely miss Eustachio. Your headbutt misses Eustachio.
Eustachio is almost dead.
Eustachio growls, "To hell with you, honourless miscreant!"
Eustachio barely misses you. The river rat bites you!
You die...

# #.#._.# ## ## #.#...#
[. .# ##.#...# .#
.####..#...#..#
..##...##§##§.#
#)##.#..).§§§#
#....)..)..(#####
###########....[#######
#..##r@@...(#
##..r##.....# ###†#
...?..# #.# #####.. #.#
# #(# # #.# #### #.#
...# #.#


You could see Eustachio and 2 river rats.

Vanquished Creatures
  A two-headed ogre (D:6)
  Grinder (D:5)
  Sigmund (D:3)
  A water moccasin (D:6)
  4 ogres
  A phantom (D:3)
  Blork the orc (D:5)
  A scorpion (D:5)
  2 howler monkeys (D:5)
  3 hounds
  A gnoll bouda (D:5)
  Jessica (D:2)
  Natasha (thrice) (D:3)
  2 iguanas
  4 orc wizards
  9 adders
  11 gnolls
  A dart slug (D:3)
  17 orcs
  7 ball pythons
  6 endoplasms
  3 giant cockroaches
  7 goblins
  10 hobgoblins
  3 quokkas
  4 bats
  7 frilled lizards
  4 kobolds
  3 rats
119 creatures vanquished.

Notes
Turn   | Place    | Note
-------+----------+-------------------------------------------
     0 | D:1      | spaghetti the Oni Berserker began the quest for the Orb.
     0 | D:1      | Reached XP level 1. HP: 24/24 MP: 1/1
   170 | D:1      | Reached XP level 2. HP: 31/32 MP: 2/2
   260 | D:1      | Found a faded altar of an unknown god.
   979 | D:2      | Reached XP level 3. HP: 40/40 MP: 3/3
  1275 | D:2      | Reached XP level 4. HP: 19/49 MP: 4/4
  1278 | D:2      | Reached skill level 1 in Throwing
  1463 | D:2      | Noticed Jessica
  1467 | D:2      | Killed Jessica
  1468 | D:2      | Reached skill level 5 in Fighting
  2102 | D:2      | Reached XP level 5. HP: 40/57 MP: 5/5
  2413 | D:3      | Noticed Natasha
  2417 | D:3      | Killed Natasha
  2502 | D:3      | Noticed a phantom
  2521 | D:3      | Found Vumosem's Armour Shoppe.
  2526 | D:3      | Killed a phantom
  2527 | D:3      | Reached XP level 6. HP: 37/66 MP: 6/6
  2534 | D:3      | Reached ** piety under Trog
  2757 | D:3      | Noticed Natasha
  2765 | D:3      | Killed Natasha
  2889 | D:3      | Gained mutation: You have sharp fingernails. [potion of
                  | mutation]
  2889 | D:3      | Gained mutation: You possess an exceptional clarity of
                  | mind. [potion of mutation]
  3015 | D:3      | Noticed Natasha
  3024 | D:3      | Killed Natasha
  3076 | D:3      | Noticed Sigmund
  3083 | D:3      | Killed Sigmund
  3084 | D:3      | Reached XP level 7. HP: 75/75 MP: 7/7
  3610 | D:4      | Found a staircase to the Ecumenical Temple.
  3852 | D:4      | Identified the +8 short sword of the Jolly People {pain,
                  | rPois rN+ Will+ MP+9}
  3928 | D:4      | Reached skill level 1 in Shapeshifting
  4224 | D:5      | Entered Level 5 of the Dungeon
  4326 | D:5      | Noticed Grinder
  4339 | D:5      | Reached skill level 2 in Shapeshifting
  4341 | D:5      | Killed Grinder
  4342 | D:5      | Reached skill level 4 in Shapeshifting
  4342 | D:5      | Reached XP level 8. HP: 84/84 MP: 8/8
  4630 | D:5      | Reached skill level 5 in Shapeshifting
  5331 | D:5      | Noticed Blork the orc
  5343 | D:5      | Killed Blork the orc
  5344 | D:5      | Reached skill level 6 in Shapeshifting
  5811 | D:5      | Found a hide-covered altar of Uskayaw.
  5883 | D:6      | Found a transporter.
  5883 | D:6      | Found Gele's Assorted Antiques.
  5905 | D:6      | Found a transporter.
  5916 | D:6      | Bought a runed cabochon amulet for 90 gold pieces
  6078 | D:6      | Noticed a two-headed ogre
  6086 | D:6      | Killed a two-headed ogre
  6087 | D:6      | Reached skill level 8 in Shapeshifting
  6087 | D:6      | Reached XP level 9. HP: 58/92 MP: 9/9
  6299 | D:6      | Noticed Eustachio
  6300 | D:6      | Found a radiant altar of Vehumet.
  6324 | D:6      | HP: 4/92 [Eustachio/+0 falchion (10)]
  6325 | D:6      | Slain by a river rat

Illustrated notes

Levels and vault maps discovered:
D:1:      tarquinn_simple_flora_water_b, layout_loops_corners,
          hellmonk_ecumenical_altar_lost_god
D:2:      layout_loops_cross, grunt_ministairs_10, eino_tiny_chamber,
          minmay_misc_feat_square, uniq_jessica
D:3:      layout_loops_cross, serial_shops, shop, uniq_natasha, uniq_sigmund
D:4:      layout_loops_cross, minmay_temple_entry_junction
D:5:      wander_river, layout_basic, mainiacjoe_overflow_surrounded_room,
          uniq_blork_the_orc, uniq_grinder
D:6:      layout_rooms, vehumet_statue, serial_shops, shop,
          nicolae_shop_drivethru, roderic_batcave, solitary_fountain,
          uniq_eustachio

Skill      XL: |  1  2  3  4  5  6  7  8 |
---------------+-------------------------+-----
Unarmed Combat | 3 4 |  4.5
Dodging        | 3 4 |  4.4
Throwing       | 1 2 3 |  3.3
Fighting       | 5 6 |  6.6
Shapeshifting  | 4 8 |  8.6

Action                     |  1- 3 |  4- 6 |  7- 9 || total
---------------------------+-------+-------+-------++-------
  Melee: Unarmed           |    75 |    92 |   163 ||   330
         Headbutt          |    11 |    10 |    27 ||    48
         Punch             |       |     2 |     6 ||     8
  Throw: Javelin           |       |     1 |     5 ||     6
 Invoke: Berserk           |     2 |     5 |     4 ||    11
         Trog's Hand       |       |       |     6 ||     6
    Use: Potion            |       |     9 |     3 ||    12
         Scroll            |       |     7 |     4 ||    11
 Armour: Animal skin       |    59 |    63 |   110 ||   232
  Dodge: Dodged            |    31 |    52 |    70 ||   153
